 Dungeon Crawl Stone Soup version 0.31.0-11-ge490571c62 (webtiles) character file.

Game seed: 5027184417501093592

584 ces the Vexing (level 7, -2/52 HPs)
             Began as a Spriggan Hexslinger on Jan 27, 2024.
             Was an Initiate of Gozag.
             Incinerated by a bombardier beetle (3 damage)
             ... with a burning spray
             ... on level 5 of the Dungeon.
             The game lasted 00:08:02 (3428 turns).

ces the Vexing (Spriggan Hexslinger)                Turns: 3428, Time: 00:08:03

Health: -2/52      AC: 23    Str:  4    XL:     7   Next: 14%
Magic:  13/13      EV:  4    Int: 15    God:    Gozag
Gold:   153        SH:  0    Dex: 19    Spells: 5/13 levels left

rFire   . . .        a - +1 sling
rCold   . . .        (no shield)
rNeg    . . .        c - melded +0 robe
rPois   +            (helmet currently unavailable)
rElec   .            (cloak currently unavailable)
rCorr   .            (gloves unavailable)
SInv    +            (boots unavailable)
Will    ++...        (no amulet)
Stlth   +            (no ring)
HPRegen 0.28/turn    (no ring)
MPRegen 0.13/turn

%: no passive effects
@: brilliant, on fire, tree-form, gold aura, enlightened, hasted, glowing,
invisible (but backlit and visible), very quick
A: stationary, stasis, torment immunity, boosted hp, very small, no large
weapons, unfitting armour, see invisible, (speed 3), (antennae 1), no potion
heal 1
a: Renounce Religion, Potion Petition, Call Merchant, Bribe Branch


You were on level 5 of the Dungeon.
You worshipped Gozag.
Gozag was aware of your devotion.
You were a tree.
You visited 2 branches of the dungeon, and saw 6 of its levels.

You collected 224 gold pieces.
You paid 71 gold pieces to Gozag.

Inventory:

Hand Weapons
 a - a +1 sling (weapon)
Missiles
 w - a throwing net
Armour
 c - a +0 robe (melded)
Jewellery
 p - a ring of protection from cold
 x - a +4 ring of protection
Wands
 r - a wand of flame (16)
 z - a wand of iceblast (7)
Scrolls
 b - 4 scrolls of poison
 d - 6 scrolls of teleportation
 e - 4 scrolls of identify
 f - a scroll of fog {unknown}
 h - 2 scrolls of amnesia
 i - a scroll of silence {unknown}
 o - a scroll of blinking {unknown}
 q - a scroll of fear {unknown}
 u - a scroll of acquirement {unknown}
 v - a scroll of enchant armour {unknown}
 y - a scroll of enchant weapon {unknown}
Potions
 j - 2 potions of brilliance
 n - a potion of lignification
 s - a potion of heal wounds {unknown}
 t - a potion of ambrosia {unknown}
 A - a potion of haste


   Skills:
 + Level 2.4 Fighting
 * Level 4.4 Ranged Weapons
 + Level 4.6 Dodging
 + Level 3.5 Spellcasting
 + Level 4.9 Hexes
 + Level 2.3 Fire Magic


You had 5 spell levels left.
You knew the following spells:

 Your Spells              Type           Power      Damage    Failure   Level
a - Jinxbite              Hex            52%        N/A       3%          2
b - Sigil of Binding      Hex            26%        N/A       8%          3
c - Inner Flame           Hex/Fire       20%        N/A       13%         3

Your spell library contained the following spells:

 Spells                   Type           Power      Damage    Failure   Level
 Apportation              Tloc           8%         N/A       19%         1
 Necrotise                Necr           16%        1d4       19%         1
 Sting                    Conj/Alch      16%        1d4       19%         1
 Summon Small Mammal      Summ           16%        N/A       19%         1
 Cause Fear               Hex            13%        N/A       26%         4
 Fugue of the Fallen      Necr           4%         N/A       50%         3
 Ozocubu's Armour         Ice            4%         N/A       50%         3
 Dimensional Bullseye     Hex/Tloc       7%         N/A       56%         4
 Manifold Assault         Tloc           4%         N/A       88%         4


Dungeon Overview and Level Annotations

Branches:
Dungeon (5/15)             Temple (1/1) D:5

Altars:
Ashenzari
Cheibriados
Dithmenos
Elyvilon
Fedhas
Gozag
Hepliaklqana
Kikubaaqudgha
Makhleb
Okawaru
Qazlal
Ru
Sif Muna
Trog
Uskayaw
Vehumet
Wu Jian
Xom
Yredelemnul
Zin
The Shining One

Shops:
D:5 =

Annotations:
D:2 1 runed translucent door, Crazy Yiuf


Innate Abilities, Weirdness & Mutations

You are a tree.
Your roots penetrate the ground, keeping you stationary.
You cannot be teleported.
You are immune to unholy pain and torment.
Your maximum health is greatly increased.
Your equipment is partially melded.
You are very small and have problems with some larger weapons.
You are too small for most types of armour.
You have supernaturally acute eyesight. (SInv)
((You cover ground extremely quickly. (Speed+++)))
((You have a pair of small antennae on your head.))
Potions are less effective at restoring your health.


Message History

The sling bullet hits the bombardier beetle!
The bombardier beetle is almost dead.
The liquid fire burns you!
You shoot a sling bullet.
The sling bullet closely misses the bombardier beetle.
The liquid fire burns you!
You shoot a sling bullet.
The sling bullet hits the bombardier beetle.
You kill the bombardier beetle!
The liquid fire burns you! The liquid fire burns you!
It was a potion of brilliance.
You feel clever all of a sudden. The liquid fire burns you!
* * * LOW HITPOINT WARNING * * *
It was a potion of lignification.
You turn into a tree.
Your +0 robe melds into your body.
Your roots penetrate the ground.
The liquid fire burns you!
* * * LOW HITPOINT WARNING * * *
It was a potion of haste.
You feel yourself speed up. The liquid fire burns you!
* * * LOW HITPOINT WARNING * * *
It was a potion of mutation.
You feel extremely strange.
Your system partially rejects the healing effects of potions.
A pair of antennae grows on your head! The liquid fire burns you!
* * * LOW HITPOINT WARNING * * *
It was a potion of curing.
Your system partially rejects the healing.
You feel better. The liquid fire burns you!
* * * LOW HITPOINT WARNING * * *
It was a potion of enlightenment.
Your roots keep you in place.
The liquid fire burns you!
* * * LOW HITPOINT WARNING * * *
It was a potion of invisibility.
You become transparent, but the glow from your liquid flames prevents you from becoming completely invisible.
The liquid fire burns you!
You die...
Your body crumbles into a pile of gold.

##.........................##
.#..###.....................#
.<.## #....................##
....# ...>................#
.....# ....................#
.#....# ..............<...###
####.... ..................#
#..........$.......##..#
...........♣.##...#####
.......###.##....## ###
#..#### #...##..#.###
#...........# ..............#
..............#
..##....#.<#.## . ####.##.###


There were no monsters in sight!

Vanquished Creatures
  Sigmund (D:2)
  An ogre (D:4)
  A phantom (D:4)
  A bombardier beetle (D:5)
  2 hounds
  A jelly (D:4)
  An iguana (D:5)
  3 gnolls (D:2)
  3 adders
  2 ufetubi (D:4)
  2 ribbon worms
  3 dart slugs
  4 bats
  5 endoplasms
  4 goblins
  5 hobgoblins
  A quokka (D:3)
  4 ball pythons
  A frilled lizard (D:2)
  4 kobolds
  7 rats
56 creatures vanquished.

Notes
Turn   | Place    | Note
-------+----------+-------------------------------------------
     0 | D:1      | ces the Spriggan Hexslinger began the quest for the Orb.
     0 | D:1      | Reached XP level 1. HP: 9/9 MP: 3/3
   546 | D:1      | Reached skill level 1 in Fighting
   665 | D:2      | Reached XP level 2. HP: 14/14 MP: 3/5
   714 | D:2      | Noticed Sigmund
   729 | D:2      | Killed Sigmund
   730 | D:2      | Reached skill level 1 in Fire Magic
   730 | D:2      | Reached XP level 3. HP: 13/18 MP: 5/7
   730 | D:2      | Reached XP level 4. HP: 17/23 MP: 5/8
   730 | D:2      | Reached XP level 5. HP: 19/26 MP: 5/9
   935 | D:2      | Found a runed translucent door.
   936 | D:2      | Noticed Crazy Yiuf
  2280 | D:4      | Noticed an ogre
  2351 | D:4      | Killed an ogre
  2352 | D:4      | Reached XP level 6. HP: 30/30 MP: 11/11
  2628 | D:4      | Learned a level 2 spell: Jinxbite
  2632 | D:4      | Learned a level 3 spell: Sigil of Binding
  2636 | D:4      | Learned a level 3 spell: Inner Flame
  3096 | D:5      | Entered Level 5 of the Dungeon
  3106 | D:5      | Found Fiveozoyso's Jewellery Boutique.
  3134 | D:5      | Reached XP level 7. HP: 35/35 MP: 13/13
  3148 | D:5      | Found a staircase to the Ecumenical Temple.
  3316 | Temple   | Entered the Ecumenical Temple
  3322 | Temple   | Became a worshipper of Gozag Ym Sagoz the Greedy
  3425 | D:5      | Gained mutation: Potions are less effective at restoring
                  | your health. [potion of mutation]
  3425 | D:5      | Gained mutation: You have a pair of small antennae on your
                  | head. [potion of mutation]
  3426 | D:5      | HP: 2/52 [burnt (4)]
  3428 | D:5      | Incinerated by a bombardier beetle

Illustrated notes

Levels and vault maps discovered:
D:1:      dpeg_arrival_radiant, layout_loops_ring
D:2:      layout_loops_ring, uniq_crazy_yiuf_cottage, uniq_sigmund
D:3:      layout_basic
D:4:      layout_gridville, minmay_starry_boxes
D:5:      layout_cave_pools, minmay_temple_entry_junction_2, serial_shops, shop,
          nicolae_figureground_pulse, uniq_blork_the_orc, uniq_grinder
Temple:   nicolae_temple_bog_church

Skill      XL: |  1  2  3  4  5  6 |
---------------+-------------------+-----
Fighting       | 1 2 |  2.4
Ranged Weapons | 3 4 |  4.4
Dodging        | 3 4 |  4.6
Spellcasting   | 2 3 |  3.5
Hexes          | 4 |  4.9
Fire Magic     | 1 2 |  2.3

Action                     |  1- 3 |  4- 6 |  7- 9 || total
---------------------------+-------+-------+-------++-------
   Fire: Sling             |    22 |   188 |    23 ||   233
    Use: Scroll            |       |     2 |       ||     2
         Potion            |       |       |     7 ||     7
 Armour: Robe              |     1 |    32 |       ||    33
  Dodge: Dodged            |     3 |   137 |     9 ||   149
